AoeStats
← 17_Neo_

Arabia

506831613Analyzed
1v1 RM · 17d ago on Sep 15, 2026· 49m 26s· 2 players
Game mode
Random Map
Map size
Tiny (2 player)
Population
200
Speed
Normal
Resources
Standard
Victory
Conquest
Starting age
Dark Age
Ending age
Imperial Age
RankedLock teamsTeams togetherTeam positionsShared explorationLock speedFull tech treeHidden civsTurbo modeCheats
Victory
Defeat
🇨🇴 Maya · Colombia
1658
+15
🇦🇺 Britons · Australia
1629
-15
Ambrose
6:05 Loom
6:27 Loom
8:58 Feudal Age
10:16 Double-Bit Axe
14:22 Fletching
20:03 Castle Age
18:20 Horse Collar
18:33 Gold Mining
19:48 Padded Archer Armor
20:04 Crossbowman
20:40 Bodkin Arrow
22:25 Bow Saw
24:43 Wheelbarrow
24:01 Town Watch
25:51 Ballistics
26:49 Scale Barding Armor
28:54 Chain Barding Armor
29:56 Husbandry
34:27 Light Cavalry
35:28 Hand Cart
35:59 Forging
39:39 Imperial Age
38:05 Elite Skirmisher
40:12 Leather Archer Armor
40:46 Bracer
41:49 Chemistry
40:59 Masonry
41:58 Ring Archer Armor
44:34 Plate Barding Armor
44:39 Iron Casting
45:34 Stone Mining
46:19 Warwolf
17_Neo_
0:26 Loom
9:31 Feudal Age
10:10 Double-Bit Axe
12:07 Fletching
19:49 Castle Age
17:49 Horse Collar
18:06 Gold Mining
18:55 Padded Archer Armor
20:08 Elite Skirmisher
21:32 Bow Saw
21:23 Heavy Plow
21:25 Bodkin Arrow
22:30 Leather Archer Armor
23:21 Town Watch
25:09 Ballistics
29:53 Wheelbarrow
29:50 Crossbowman
30:39 Thumb Ring
39:27 Imperial Age
37:44 Hand Cart
38:55 Hul'che Javelineers
40:12 Bracer
41:17 Chemistry
41:00 Ring Archer Armor
40:44 Capped Ram
40:50 Arbalester
41:58 Siege Ram
Connection lost

Rejoining the realm…

Still unreachable

The connection could not be restored.

Session expired

The server has moved on; the page needs a fresh start.